 Dungeon Crawl Stone Soup version 0.22.0 (webtiles) character file.

680 BigChef the Poker (level 7, -3/55 HPs)
             Began as a Demonspawn Chaos Knight on Sept 3, 2018.
             Killed from afar by Ijyb (17 damage)
             ... with a wand of acid (4)
             ... on level 4 of the Dungeon.
             The game lasted 00:06:47 (3770 turns).

BigChef the Poker (Demonspawn Chaos Knight)         Turns: 3770, Time: 00:06:47

Health: -3/55      AC:  6    Str: 13 (15) XL:     7   Next: 34%
Magic:  7/7        EV:  9    Int: 12 (13) God:    Xom [....*.]
Gold:   189        SH:  0    Dex: 10 (12) Spells: 6/6 levels left

rFire    . . .     SeeInvis .   a - +0 spear (chaos)
rCold    . . .     Gourm    .   (no shield)
rNeg     . . .     Faith    .   t - +0 scale mail
rPois    .         Spirit   .   (helmet restricted)
rElec    .         Reflect  .   e - +0 cloak
rCorr    .         Harm     .   (no gloves)
MR       .....     Rnd*Rage +   (no boots)
Stlth    ++........             h - amulet of magic regeneration
HPRegen  0.58/turn              j - ring of stealth
MPRegen  0.35/turn              (no ring)

@: corroded
A: hooves 1, horns 2, thin metallic scales 2, berserk 1, regeneration 1
a: Renounce Religion


You were on level 4 of the Dungeon.
You worshipped Xom.
You were a beloved toy of Xom.
You were not hungry.

You visited 1 branch of the dungeon, and saw 4 of its levels.

You collected 189 gold pieces.

Inventory:

Hand Weapons
 a - a +0 spear of chaos (weapon)
Armour
 b - a +2 leather armour
 e - a +0 cloak (worn)
 t - a +0 scale mail (worn)
Jewellery
 g - an uncursed amulet of the acrobat
 h - an amulet of magic regeneration (around neck)
 j - a ring of stealth (left hand)
Wands
 p - a wand of scattershot (6)
Scrolls
 d - a scroll of magic mapping
 f - a scroll of remove curse
 k - 2 scrolls of blinking
 s - a scroll of teleportation {unknown}
Potions
 i - a potion of curing
 r - a potion of brilliance
Comestibles
 c - 7 rations


   Skills:
 + Level 4.3 Fighting
 + Level 4.9 Polearms
 + Level 2.9 Armour
 + Level 2.1 Dodging
 + Level 4.4 Stealth


You had 6 spell levels left.
You didn't know any spells.
Your spell library contained the following spells:

 Spells                   Type           Power        Failure   Level  Hunger
 Stone Arrow              Conj/Erth      #.....       99%         3    ####...
 Passwall                 Tmut/Erth      #.......     92%         2    ###....
 Lee's Rapid Deconstruct  Erth           #.........   100%        5    ######.
 Sandblast                Erth           #.....       83%         1    ##.....
 Petrify                  Tmut/Erth      #.......     100%        4    #####..


Dungeon Overview and Level Annotations

Branches:
Dungeon (4/15)
 Temple: D:4-7

Altars:
Dithmenos
Elyvilon
Yredelemnul

Annotations:
D:4 Ijyb


Innate Abilities, Weirdness & Mutations

You have large cloven feet.
You are mostly covered in thin metallic scales. (AC +3)
You have a pair of horns on your head.
You tend to lose your temper in combat.
Your natural rate of healing is unusually fast.


Message History

You hear a zap.
A bolt of acid appears from out of thin air!
The bolt of acid misses you.
You miss something. Your kick misses something.
Something hits you but does no damage.
You hit something but do no damage. You miss something. You kick something.
You hear a zap.
A bolt of acid appears from out of thin air!
The bolt of acid hits you! The acid corrodes you!
You are splashed with acid!
The acid burns!
* * * LOW HITPOINT WARNING * * *
You miss something. Something hits you.
* * * LOW HITPOINT WARNING * * *
You hit something but do no damage. Your kick misses something.
Your headbutt misses something. Something hits you but does no damage.
You hear a zap.
A bolt of acid appears from out of thin air!
The bolt of acid hits you!
You die...

.###+##.. #....# #.......
#....# #......#+#####....###
#......+....##....##.
#......#....#........
#......#....#........
#......#....#........
##'#####....#.....##.
#...@.......#.....###
##..........##'#####.
#....##....##....##.
##....##†.........##.
#...(.#...........##.
###+#####....#............'.
#.......#'#####...........#.
#.............#....##....###
#...).........#....#######..


There were no monsters in sight!

Vanquished Creatures
  Grinder (D:4)
  A black bear (D:4)
  An ogre (D:4)
  A scorpion (D:4)
  A hound (D:4)
  5 worker ants (D:4)
  6 adders
  2 oozes
  A worm (D:2)
  3 dart slugs
  3 leopard geckos
  An orc (D:3)
  3 giant cockroaches (D:2)
  7 goblins
  6 hobgoblins
  4 jackals (D:4)
  3 quokkas
  2 ball pythons
  8 bats
  A frilled lizard (D:3)
  4 kobolds
  9 rats
73 creatures vanquished.

Notes
Turn   | Place    | Note
-------+----------+-------------------------------------------
     0 | D:1      | BigChef the Demonspawn Chaos Knight began the quest for the Orb.
     0 | D:1      | Reached XP level 1. HP: 18/18 MP: 1/1
    98 | D:1      | Gained mutation: You are partially covered in thin metallic scales. (AC +2) [demonic ancestry]
    98 | D:1      | Reached XP level 2. HP: 17/24 MP: 2/2
   184 | D:1      | XOM: silly message
   330 | D:1      | XOM: silly message
   684 | D:2      | Found a shadowy altar of Dithmenos.
   693 | D:2      | Reached XP level 3. HP: 21/29 MP: 3/3
  1064 | D:2      | XOM: harmless Necr miscast
  1075 | D:2      | Reached skill level 1 in Dodging
  1088 | D:2      | XOM: 7-stop teleportation journey
  1410 | D:2      | Found a basalt altar of Yredelemnul.
  1561 | D:2      | Gained mutation: You have large cloven feet. [demonic ancestry]
  1561 | D:2      | Reached XP level 4. HP: 31/37 MP: 4/4
  1753 | D:2      | Found a white marble altar of Elyvilon.
  2120 | D:3      | Reached skill level 1 in Stealth
  2135 | D:3      | XOM: summons 3 hostile shadow creatures
  2263 | D:3      | XOM: 4-stop teleportation journey
  2418 | D:3      | XOM: confuse monster(s)
  2449 | D:3      | XOM: mild Chrm miscast
  2724 | D:4      | Reached XP level 5. HP: 42/42 MP: 5/5
  3175 | D:4      | XOM: summons 2 hostile shadow creatures
  3425 | D:4      | Noticed Grinder
  3436 | D:4      | Killed Grinder
  3436 | D:4      | Gained mutation: You are mostly covered in thin metallic scales. (AC +3) [demonic ancestry]
  3436 | D:4      | Reached XP level 6. HP: 37/48 MP: 6/6
  3589 | D:4      | XOM: 6-stop teleportation journey
  3603 | D:4      | Reached XP level 7. HP: 54/54 MP: 7/7
  3641 | D:4      | XOM: god gift: scale mail {god gift}
  3744 | D:4      | Noticed Ijyb
  3762 | D:4      | Gained mutation: Your natural rate of healing is unusually fast. [potion of mutation]
  3762 | D:4      | Gained mutation: You have a pair of small horns on your head. [potion of mutation]
  3762 | D:4      | Gained mutation: You tend to lose your temper in combat. [potion of mutation]
  3762 | D:4      | Gained mutation: You have a pair of horns on your head. [potion of mutation]
  3770 | D:4      | Killed from afar by Ijyb

Skill      XL: |  1  2  3  4  5  6  7 |
---------------+----------------------+-----
Polearms       | 3 4 |  4.9
Armour         | 2 |  2.9
Dodging        | 1 2 |  2.1
Stealth        | 1 3 4 |  4.4
Fighting       | 4 |  4.3

Action                   |  1- 3 |  4- 6 |  7- 9 || total
-------------------------+-------+-------+-------++-------
Melee: Spear             |   125 |   169 |    31 ||   325
       Kick              |       |    36 |     8 ||    44
  Use: Scroll            |       |     5 |       ||     5
       Potion            |       |     4 |     6 ||    10
 Stab: Paralysed         |     1 |     1 |       ||     2
       Petrified         |     5 |     9 |       ||    14
       Sleeping          |     1 |    10 |     2 ||    13
       Confused          |       |     2 |       ||     2
       Petrifying        |       |     1 |       ||     1
  Eat: Chunk             |     2 |     1 |       ||     3
       Ration            |       |     2 |       ||     2
Armor: Leather armour    |    37 |    44 |     2 ||    83
       Scale mail        |       |       |     9 ||     9
Dodge: Dodged            |    48 |    79 |     6 ||   133
